 Dungeon Crawl Stone Soup version 0.28.0-45-g0d030f2227 (webtiles) character file.

Game seed: 577960729156596509

326 NinjaNoafa the Covered (level 6, -3/56 HPs)
             Began as a Minotaur Fighter on Apr 4, 2022.
             Slain by a gnoll
             ... wielding a +0 spear
              (6 damage)
             ... on level 3 of the Dungeon.
             The game lasted 00:05:39 (2450 turns).

NinjaNoafa the Covered (Minotaur Fighter)           Turns: 2450, Time: 00:05:39

Health: -3/56      AC:  7    Str: 22    XL:     6   Next: 24%
Magic:  5/5        EV:  9    Int:  5    God:
Gold:   77         SH:  0    Dex: 10    Spells: 5/5 levels left

rFire   . . .      SeeInvis .   l - +1 spear (venom)
rCold   . . .      Faith    .   (no shield)
rNeg    . . .      Spirit   .   b - +0 scale mail
rPois   .          Reflect  .   (helmet restricted)
rElec   .          Harm     .   (no cloak)
rCorr   .          Rampage  .   (no gloves)
Will    .....                   (no boots)
Stlth   ..........              (no amulet)
HPRegen 0.18/turn               (no ring)
MPRegen 0.09/turn               (no ring)

@: mighty, brilliant, lethally poisoned (-3 -> -6)
A: horns 2, retaliatory headbutt
a: no special abilities


You were on level 3 of the Dungeon.
You visited 1 branch of the dungeon, and saw 3 of its levels.

You collected 77 gold pieces.

Inventory:

Hand Weapons
 a - a +0 trident
 e - a +0 scythe
 k - a +1 vampiric dagger
 l - a +1 spear of venom (weapon)
 n - a +2 short sword of venom
Missiles
 h - 114 stones (quivered)
Armour
 b - a +0 scale mail (worn)
 c - a +0 buckler
Scrolls
 j - a scroll of fear {unknown}
Potions
 i - a potion of heal wounds {unknown}
 m - a potion of degeneration {unknown}


   Skills:
 * Level 5.5 Fighting
 + Level 4.1 Polearms
 * Level 5.6 Armour
 + Level 4.9 Shields


You had 5 spell levels left.
You didn't know any spells.
Your spell library contained the following spells:

 Spells                   Type           Power      Damage    Failure   Level
 Corpse Rot               Necr/Air       0%         N/A       89%         2
 Ensorcelled Hibernation  Hex/Ice        0%         N/A       89%         2
 Passwall                 Tmut/Erth      0%         N/A       89%         2
 Poisonous Vapours        Pois/Air       0%         N/A       89%         2
 Conjure Flame            Conj/Fire      0%         6-21      98%         3
 Ignite Poison            Fire/Tmut/Pois 0%         N/A       98%         3
 Summon Guardian Golem    Hex/Summ       0%         N/A       98%         3
 Swiftness                Air            0%         N/A       98%         3
 Sticky Flame             Conj/Fire      0%         2d3       100%        4
 Orb of Destruction       Conj           0%         9d5       100%        7
 Spellforged Servitor     Conj/Summ      0%         N/A       100%        7


Dungeon Overview and Level Annotations

Branches:
Dungeon (3/15)

Altars:

Shops:
D:2 *


Innate Abilities, Weirdness & Mutations

You have a pair of horns on your head.
You reflexively headbutt those who attack you in melee.


Message History

You kill the gnoll!
The orc hits you with a +0 short sword of venom.
* * * LOW HITPOINT WARNING * * *
The dart slug barely misses you.
You feel better. The orc hits you with a +0 club.
The gnoll hits you with a +0 whip.
* * * LOW HITPOINT WARNING * * *
The gnoll hits you but does no damage. The orc hits you but does no damage.
You are poisoned.
You feel very mighty all of a sudden.
You feel very sick. The orc hits you but does no damage.
The dart slug bites you.
* * * LOW HITPOINT WARNING * * *
The gnoll barely misses you.
The gnoll hits you from afar with a +0 spear.
* * * LOW HITPOINT WARNING * * *
The orc hits you but does no damage.
You hit the dart slug. You headbutt the dart slug.
You kill the dart slug!
You feel sick. The orc barely misses you.
The gnoll hits you from afar with a +0 spear.
* * * LOW HITPOINT WARNING * * *
The gnoll misses you.
You hit the orc.
The orc is poisoned.
The orc is severely wounded.
* * * LOW HITPOINT WARNING * * *
You feel sick. The orc barely misses you. The orc closely misses you.
The gnoll hits you but does no damage. x2
You puncture the orc!
You kill the orc!
* * * LOW HITPOINT WARNING * * *
You feel sick. The orc closely misses you. You furiously retaliate!
You headbutt the orc.
Okay, then.
It was a potion of brilliance.
You feel clever all of a sudden.
* * * LOW HITPOINT WARNING * * *
You feel sick.
The gnoll hits you from afar with a +0 spear.
You die...

#.# #.# ## #.# .#
#.# .# #.# ..
#.#########.#
#.........#.#
#########.#o####..
#....)@)......
########
#....g))!.....
#.......
#....g......##
##.#####
#...........# #<.#
#. #...........#
#..# #.
#...........# #..#
#. #...........#
#..# #.
#####.####.## #..#
#. #### #.


You could see 2 gnolls and an orc.

Vanquished Creatures
  Sigmund (D:3)
  A gnoll shaman (D:3)
  5 gnolls (D:3)
  2 adders (D:2)
  3 worms (D:2)
  2 dart slugs
  4 orcs (D:3)
  4 ball pythons
  4 endoplasms
  A giant cockroach (D:2)
  A goblin (D:1)
  6 hobgoblins
  3 jackals (D:1)
  8 kobolds
  3 quokkas
  8 bats
  A frilled lizard (D:1)
  5 rats
62 creatures vanquished.

Notes
Turn   | Place    | Note
-------+----------+-------------------------------------------
     0 | D:1      | NinjaNoafa the Minotaur Fighter began the quest for the
                  | Orb.
     0 | D:1      | Reached XP level 1. HP: 19/19 MP: 0/0
   227 | D:1      | Reached XP level 2. HP: 27/27 MP: 1/1
   818 | D:1      | Found a faded altar of an unknown god.
   914 | D:2      | Found Sutee's General Store.
   970 | D:2      | Reached XP level 3. HP: 27/33 MP: 2/2
  1398 | D:2      | Reached XP level 4. HP: 21/41 MP: 3/3
  1829 | D:3      | Reached XP level 5. HP: 47/47 MP: 4/4
  2222 | D:3      | Noticed Sigmund
  2232 | D:3      | Killed Sigmund
  2233 | D:3      | Reached skill level 5 in Fighting
  2233 | D:3      | Reached skill level 5 in Armour
  2233 | D:3      | Reached XP level 6. HP: 39/56 MP: 5/5
  2450 | D:3      | Slain by a gnoll

Illustrated notes

Levels and vault maps discovered:
D:1:      amcnicky_arrival_feature_with_door, layout_loops_cross,
          chequers_ecumenical_altar_grove
D:2:      layout_rooms, serial_shops, shop
D:3:      layout_basic, minmay_misc_feat_five, uniq_sigmund

Skill      XL: |  1  2  3  4  5 |
---------------+----------------+-----
Shields        | 4 |  4.9
Fighting       | 4 5 |  5.5
Armour         | 4 5 |  5.6
Polearms       | 3 4 |  4.1

Action                   |  1- 3 |  4- 6 || total
-------------------------+-------+-------++-------
Melee: Trident           |    79 |       ||    79
       Headbutt          |    12 |     6 ||    18
       Spear             |    11 |    38 ||    49
       Scythe            |       |     4 ||     4
  Use: Scroll            |       |     1 ||     1
       Potion            |       |     4 ||     4
Armor: Scale mail        |    46 |    29 ||    75
Dodge: Dodged            |    48 |    38 ||    86
Block: Buckler           |    22 |     6 ||    28
